Map: Abyssal Reef LE

Players

Clem

  • Race: Terran Terran
  • League: Grandmaster
  • Spawn Location: 5:00

NightEnD - Winner!

  • Race: Protoss Protoss
  • League: Grandmaster
  • Spawn Location: 11:00

Event: WESG Barcelona European Finals 2017

VOD

Have the link to the VOD?

Description

Time

  • Played on: Nov. 24, 2017, 10:46 a.m.
  • Length: 14:41

All games in this series

Show
View Real Time Build Order
Export as new Build Order

Clem Terran 

Build Orders: Gas First Reaper Expand, Liberator Opening, Reaper Expand, MMM Bio 

Get SALT Encoding   

  12  0:00  SCV  
  13  0:12  SCV  
  14  0:17  Supply Depot  
  14  0:24  SCV  
  15  0:29  Refinery  
  15  0:38  SCV  
  16  0:44  Barracks  
  16  0:50  SCV  
  17  1:02  SCV  
  18  1:15  SCV  
  19  1:33  Reaper, Orbital Command  
  20  1:49  Command Center  
  20  1:58  SCV  
  21  2:05  Factory  
  21  2:09  Barracks Reactor  
  21  2:12  SCV  
  22  2:17  Supply Depot  
  22  2:21  Refinery  
  22  2:25  SCV  
  23  2:38  SCV  
  24  2:45  Marine x2  
  24  2:50  SCV  
  24  2:51  Starport, Widow Mine  
  29  3:03  SCV  
  30  3:07  Marine, Orbital Command  
  30  3:08  Marine  
  32  3:15  SCV  
  32  3:16  Liberator  
  33  3:20  Barracks  
  33  3:25  Factory Tech Lab  
  33  3:28  SCV  
  33  3:31  Marine  
  38  3:37  SCV  
  38  3:39  Marine  
  40  3:41  SCV  
  40  3:44  Supply Depot  
  41  3:49  SCV  
  41  3:55  Marine, Siege Tank  
  45  4:01  Supply Depot  
  46  4:06  SCV x2  
  47  4:16  Engineering Bay  
  47  4:18  SCV x2  
  47  4:20  Starport Reactor  
  47  4:21  Barracks  
  47  4:23  Marine  
  50  4:27  Marine  
  50  4:30  SCV x2  
  53  4:32  Supply Depot  
  53  4:34  Stimpack  
  53  4:37  Factory Tech Lab  
  53  4:38  Marine, Refinery  
  53  4:42  SCV  
  53  4:43  Terran Infantry Weapons Level 1  
  55  4:49  Marine x2  
  57  4:53  SCV  
  57  4:54  SCV  
  57  4:57  Supply Depot  
  57  4:58  Marauder  
  61  5:01  Factory Reactor  
  61  5:02  Supply Depot  
  61  5:06  Medivac  
  63  5:08  Marine x2  
  62  5:16  SCV x2  
  62  5:20  Marauder  
  66  5:23  Medivac  
  66  5:27  Marine x2  
  66  5:28  SCV x2  
  72  5:36  Command Center  
  72  5:41  Supply Depot  
  72  5:45  Marine x2  
  72  5:46  Marauder  
  72  5:49  Combat Shields  
  75  5:50  Factory Reactor  
  75  5:54  SCV x2  
  75  5:57  Refinery  
  77  5:59  Supply Depot  
  77  6:01  Marauder  
  77  6:03  Marine x2  
  81  6:07  Marauder  
  81  6:08  SCV  
  81  6:09  SCV  
  85  6:16  Barracks  
  85  6:20  SCV  
  85  6:21  SCV, Barracks  
  85  6:24  Marine x2  
  89  6:27  Widow Mine x2  
  89  6:30  Medivac  
  95  6:33  Medivac  
  95  6:36  Supply Depot  
  95  6:38  Terran Infantry Armor Level 1  
  95  6:39  SCV  
  98  6:42  SCV  
  98  6:45  Concussive Shells  
  98  6:46  Marauder  
  101  6:51  Starport  
  101  6:53  Orbital Command  
  101  6:54  SCV  
  101  6:59  Marine, Liberator  
  101  7:00  SCV, Marauder  
  97  7:06  Widow Mine  
  97  7:07  Widow Mine  
  98  7:12  SCV  
  92  7:17  Marine  
  92  7:18  Barracks Tech Lab, Barracks Reactor  
  92  7:20  Marine  
  92  7:21  SCV  
  92  7:22  SCV  
  96  7:24  Supply Depot  
  96  7:27  Marauder  
  95  7:32  Marauder  
  95  7:35  Widow Mine, Marine  
  95  7:36  SCV x2, Supply Depot  
  99  7:37  Liberator  
  99  7:39  SCV  
  98  7:45  Marine  
  98  7:46  Marauder  
  98  7:48  SCV x2  
  98  7:49  Marauder  
  98  7:51  SCV  
  98  7:56  Marine x3  
  106  8:00  SCV, Refinery  
  106  8:01  SCV, Refinery  
  107  8:05  SCV  
  107  8:10  Marine, Marauder  
  106  8:16  Marine  
  106  8:17  Marauder  
  109  8:20  Marine x2  
  109  8:21  Fusion Core  
  109  8:22  Engineering Bay  
  109  8:25  SCV x3  
  72  8:27  Liberator  
  114  8:29  Medivac  
  114  8:30  Command Center  
  114  8:31  Marine  
  114  8:32  Marauder x2  
  118  8:34  Marine  
  118  8:37  SCV x2  
  118  8:38  Marine x2  
  118  8:39  Liberator x2  
  126  8:49  Marine  
  126  8:52  Supply Depot, Marine  
  126  8:54  Supply Depot  
  128  8:57  Marine x2  
  128  9:01  Armory  
  136  9:05  Marine, Marauder x2, Supply Depot  
  136  9:06  Supply Depot  
  136  9:07  Medivac, Marine  
  144  9:16  Marine x3  
  147  9:20  Barracks x2  
  147  9:25  Marine, Marauder  
  147  9:28  Viking  
  152  9:35  SCV x2  
  152  9:37  Viking  
  156  9:39  Marine x2, Viking  
  156  9:40  Marauder  
  156  9:42  Medivac  
  156  9:43  Planetary Fortress  
  164  9:46  SCV  
  164  9:48  SCV  
  164  9:49  SCV  
  164  9:51  Refinery  
  164  9:52  Refinery  
  167  9:54  Marine  
  167  9:55  Marauder  
  167  9:58  SCV  
  168  10:01  Viking  
  168  10:05  Terran Infantry Weapons Level 2  
  168  10:07  Marine x4, Viking  
  173  10:18  Supply Depot  
  173  10:19  Terran Infantry Armor Level 2  
  173  10:20  Marine, Marauder  
  176  10:23  Marine, Marauder  
  176  10:24  Marine  
  176  10:26  Barracks Tech Lab  
  180  10:30  SCV x3  
  180  10:35  SCV  
  178  10:38  Marine  
  178  10:41  Marauder  
  178  10:42  Marine, Marauder  
  182  10:44  Barracks Reactor, Marauder  
  182  10:47  Viking x2  
  188  10:50  Command Center  
  188  10:53  Viking  
  188  10:55  Viking  
  188  10:56  Marine x2  
  194  10:58  Marine  
  195  11:04  Terran Ship Weapons Level 1  
  195  11:05  Marine x2  
  195  11:06  Marauder  
  195  11:08  Marine, Ghost Academy  
  200  11:13  Marauder  
  200  11:17  Viking  
  190  11:18  Viking  
  190  11:23  Marine, Viking  
  190  11:24  Marauder  
  175  11:25  Viking  
  175  11:27  Marauder x2  
  175  11:28  Marine  
  175  11:30  Marine  
  144  11:34  Marauder  
  144  11:35  Marine x2  
  144  11:38  Marine  
  135  11:41  Marine  
  135  11:45  Marauder  
  135  11:46  Marine  
  139  11:47  Viking  
  139  11:48  Marauder, Viking  
  139  11:49  Marauder  
  139  11:50  Marine  
  139  11:52  Marine  
  139  11:53  Viking  
  126  11:56  Marauder, Viking  
  126  11:57  Marine  
  126  11:59  Marine  
  116  12:01  Liberator  
  116  12:04  Marine  
  116  12:07  Marauder  
  119  12:08  Liberator  
  119  12:09  Marauder  
  119  12:10  Marauder  
  119  12:12  Orbital Command  
  123  12:15  Marine  
  123  12:17  Marauder, Liberator, Viking  
  123  12:18  Marine  
  132  12:26  Marine  
  132  12:28  Marine  
  137  12:30  Marine  
  141  12:44  Liberator  
  141  12:46  Marine, Marauder x2  
  141  12:47  Medivac, Marine  
  141  12:48  Marine x2  
  141  12:50  Marine x2  
  153  12:56  Supply Depot  
  134  13:01  Marine, Marauder  
  134  13:03  Marine  
  134  13:04  Marine  
  142  13:07  Marine  
  142  13:08  Marine  
  144  13:14  Liberator  
  144  13:15  Marine x2, Marauder x2  
  144  13:19  Marine  
  151  13:21  Marine  
  151  13:22  Marine, Refinery  
  151  13:23  Marauder, Refinery  
  151  13:25  Marine  
  156  13:28  Liberator  
  159  13:36  SCV x2  
  159  13:39  Marine x2  
  165  13:41  Marauder  
  165  13:43  Marine x3  
  165  13:46  Command Center  
  171  13:53  Supply Depot  
  171  13:56  Ghost  
  171  13:58  Marine  
  171  13:59  Marine x2  
  176  14:09  Marine, Marauder  
  167  14:12  Marauder  
  167  14:15  Marine x2  
  167  14:16  Marine  
  130  14:17  Marine  
  130  14:19  Marine  
Show
View Real Time Build Order
Export as new Build Order

NightEnD Protoss - Winner!

Build Orders: 1 Gate Expand 

Get SALT Encoding   

  12  0:00  Probe  
  13  0:12  Probe  
  14  0:17  Pylon  
  14  0:25  Probe  
  15  0:37  Probe (Chrono Boost)  
  15  0:38  Gateway  
  16  0:47  Probe (Chrono Boost)  
  17  0:51  Probe  
  17  0:52  Assimilator  
  18  1:03  Probe  
  19  1:15  Probe  
  20  1:26  Nexus  
  20  1:36  Cybernetics Core  
  20  1:40  Probe  
  20  1:46  Assimilator  
  21  1:52  Probe  
  22  1:56  Pylon  
  22  2:04  Probe  
  23  2:14  Stalker (Chrono Boost)  
  25  2:17  Probe  
  26  2:26  Robotics Facility  
  26  2:28  Warp Gate  
  26  2:34  Probe  
  27  2:39  Stalker (Chrono Boost)  
  27  2:42  Probe (Chrono Boost)  
  31  2:51  Probe (Chrono Boost)  
  31  2:54  Probe (Chrono Boost)  
  33  3:03  Probe x2 (Chrono Boost), Stalker  
  36  3:08  Probe  
  37  3:14  Observer (Chrono Boost)  
  37  3:15  Probe  
  37  3:17  Pylon  
  39  3:20  Probe  
  40  3:27  Probe  
  40  3:33  Probe, Stalker  
  44  3:39  Probe  
  45  3:42  Gateway  
  45  3:44  Gateway  
  45  3:45  Probe  
  46  3:51  Twilight Council  
  46  3:52  Probe  
  46  3:54  Observer  
  48  3:59  Probe  
  48  4:01  Assimilator  
  49  4:04  Probe, Pylon  
  49  4:11  Probe (Chrono Boost)  
  49  4:16  Observer  
  52  4:22  Probe (Chrono Boost)  
  52  4:24  Probe (Chrono Boost)  
  53  4:28  Blink (Chrono Boost)  
  55  4:32  Probe x2 (Chrono Boost)  
  55  4:35  Pylon  
  55  4:38  Probe  
  56  4:40  Probe  
  56  4:44  Observer  
  58  4:50  Probe  
  59  4:53  Forge  
  59  4:54  Gateway  
  59  4:55  Gateway  
  59  4:57  Gateway  
  59  4:59  Probe  
  60  5:02  Probe  
  60  5:06  Observer  
  62  5:10  Observer  
  62  5:12  Stalker x3  
  63  5:14  Probe  
  63  5:15  Probe  
  65  5:26  Protoss Ground Armor Level 1, Probe  
  66  5:41  Sentry x2  
  70  5:46  Pylon  
  70  5:51  Nexus  
  70  5:57  Pylon  
  70  5:59  Pylon, Charge (Chrono Boost)  
  70  6:01  Pylon  
  70  6:04  Immortal  
  70  6:07  Zealot x2  
  78  6:18  Zealot x4  
  86  6:31  Probe x2  
  88  6:39  Stalker x2  
  92  6:42  Zealot x3  
  92  6:43  Zealot  
  91  7:06  Probe x2  
  87  7:13  Zealot  
  87  7:14  Zealot x4  
  87  7:15  Zealot  
  93  7:17  Probe  
  93  7:18  Probe  
  93  7:19  Probe  
  93  7:20  Assimilator  
  93  7:21  Protoss Ground Weapons Level 1 (Chrono Boost)  
  96  7:29  Probe  
  97  7:30  Probe  
  97  7:32  Immortal  
  97  7:35  Stalker x3  
  104  7:55  Probe x2  
  106  7:59  Probe  
  106  8:06  Stalker x5  
  106  8:07  Probe  
  106  8:11  Pylon  
  117  8:14  Pylon  
  117  8:15  Forge  
  117  8:18  Robotics Facility  
  117  8:19  Robotics Bay  
  117  8:30  Probe x2  
  117  8:31  Assimilator  
  119  8:35  Assimilator  
  119  8:42  Zealot  
  119  8:43  Zealot x5  
  131  8:50  Pylon, Protoss Ground Armor Level 2 (Chrono Boost)  
  131  8:53  Observer  
  131  8:54  Pylon  
  131  8:59  Protoss Ground Weapons Level 2 (Chrono Boost)  
  131  9:05  Nexus  
  131  9:09  Pylon  
  131  9:16  Colossus (Chrono Boost)  
  143  9:21  Colossus (Chrono Boost)  
  143  9:28  Pylon  
  143  9:31  Pylon  
  142  9:46  Pylon, Extended Thermal Lance (Chrono Boost)  
  142  9:50  Colossus x2 (Chrono Boost)  
  154  9:53  Pylon  
  154  10:01  Pylon x2  
  151  10:17  Stalker x5  
  151  10:18  Stalker  
  163  10:24  Pylon  
  163  10:28  Observer  
  157  10:38  Probe x2  
  157  10:42  Stalker x6  
  165  10:45  Warp Prism  
  165  10:48  Protoss Ground Armor Level 3 (Chrono Boost)  
  167  11:06  Stalker  
  167  11:07  Stalker x5  
  167  11:32  Stalker x3  
  159  11:33  Stalker x3  
  159  11:34  Warp Prism (Chrono Boost)  
  147  11:54  Immortal (Chrono Boost)  
  147  12:00  Zealot x2  
  147  12:01  Zealot x4  
  151  12:03  Probe x2, Protoss Ground Weapons Level 3 (Chrono Boost)  
  151  12:05  Immortal (Chrono Boost)  
  157  12:11  Templar Archives  
  157  12:13  Observer  
  157  12:23  Zealot x6  
  157  12:25  Observer  
  169  12:30  Psionic Storm  
  169  12:40  Assimilator  
  169  12:44  Assimilator  
  169  12:52  High Templar x3  
  169  12:53  High Templar x3  
  169  12:56  Pylon  
  181  13:03  Probe x3  
  181  13:04  Probe  
  183  13:18  Observer  
  183  13:24  Gateway  
  183  13:26  Gateway, Pylon  
  183  13:28  Gateway  
  183  13:29  Gateway, Stalker x6  
  195  13:42  Nexus  
  193  13:53  Stalker  
  193  13:54  Stalker x2  
  197  13:55  Stalker  
  176  14:18  Zealot x5  
  176  14:19  Zealot  
Tags
 
Add a new tag
Caveats
  • Supply blocks, unpowered buildings, or Contaminate may cause inaccurate times.
  • Supply counts are checked every 10 seconds.